 Dungeon Crawl Stone Soup version 0.26-a0-1177-g1209ec82b9 (webtiles) character file.

Game seed: 2065534448571016584

16328 voltaire321 the Spear-Bearer (level 12, -1/147 HPs)
             Began as a Merfolk Gladiator on Dec 24, 2020.
             Was a Priest of Wu Jian.
             Slain by a water moccasin (2 damage)
             ... on level 3 of the Lair of Beasts.
             The game lasted 00:59:34 (16016 turns).

voltaire321 the Spear-Bearer (Merfolk Gladiator)   Turns: 16016, Time: 00:59:34

Health: -1/147     AC: 26    Str: 12 (15) XL:     12   Next: 36%
Magic:  12/12      EV:  2    Int:  5 (7)  God:    Wu Jian [***...]
Gold:   1232       SH: 13    Dex: 17 (20) Spells: 11/11 levels left

rFire    + . .     SeeInvis .   a - +3 trident
rCold    + . .     Faith    .   C - +2 kite shield
rNeg     + + +     Spirit   .   (armour currently unavailable)
rPois    +         Reflect  .   (helmet currently unavailable)
rElec    .         Harm     .   (cloak currently unavailable)
rCorr    .         Rampage  .   (gloves currently unavailable)
Will     .....     NoTele   +   (boots currently unavailable)
Stlth    ++........             y - amulet of the acrobat
HPRegen  0.34/turn              o - ring of protection from cold
MPRegen  0.13/turn              F - ring of protection from fire

@: lethally poisoned (-1 -> -1), tree-form (expiring), hasted, very quick
A: (change form in water), (swift swim), (stealthy swim)
a: Renounce Religion, Wall Jump, Serpent's Lash


You were on level 3 of the Lair of Beasts.
You worshipped Wu Jian.
Wu Jian was most pleased with you.
You were a tree.
You visited 3 branches of the dungeon, and saw 14 of its levels.

You collected 1232 gold pieces.

Inventory:

Hand Weapons
 a - a +3 trident (weapon)
 T - the +3 halberd of Dyrip {venom, rElec Str+6 Dex+4}
   (You found it on level 1 of the Lair of Beasts)

   It poisons the flesh of those it strikes.
   It affects your strength (+6).
   It affects your dexterity (+4).
   It insulates you from electricity.
Missiles
 c - 10 boomerangs
 d - 6 throwing nets
 i - 40 poisoned darts
 q - 5 javelins (quivered)
Armour
 g - a +2 robe of willpower (melded)
 m - a +2 helmet (melded)
 w - a +2 cloak (melded)
 C - a +2 kite shield (worn)
 Q - a +2 pair of gloves (melded)
Jewellery
 o - a ring of protection from cold (left branch)
 y - an amulet of the acrobat (around neck)
 F - a ring of protection from fire (right branch)
 L - an uncursed amulet of reflection
Wands
 k - a wand of enslavement (9)
 p - a wand of acid (7)
 A - a wand of digging (10)
 B - a wand of random effects (25)
 D - a wand of flame (31)
 I - a wand of disintegration (16)
 K - a wand of iceblast (27)
Scrolls
 e - 9 scrolls of remove curse
 f - 2 scrolls of fear {unknown}
 j - 2 scrolls of fog
 l - a scroll of teleportation
 r - a scroll of blinking
 u - a scroll of acquirement {unknown}
 v - a scroll of brand weapon {unknown}
 E - 2 scrolls of random uselessness {unknown}
 H - a scroll of immolation {unknown}
 J - 2 scrolls of amnesia {unknown}
 O - 2 scrolls of silence {unknown}
Potions
 b - 2 potions of degeneration
 h - 4 potions of cancellation
 n - 2 potions of mutation
 t - 3 potions of flight
 x - a potion of invisibility
 M - a potion of lignification
 P - a potion of haste
 R - a potion of magic
Miscellaneous
 z - a phial of floods


   Skills:
 + Level 10.5 Fighting
 + Level 13.5 Polearms
 + Level 6.5 Throwing
 + Level 12.7 Dodging
 + Level 9.5 Shields


You had 11 spell levels left.
You didn't know any spells.
Your spell library contained the following spells:

 Spells                   Type           Power        Failure   Level
 Corona                   Hex            0%           71%         1
 Ensorcelled Hibernation  Hex/Ice        0%           85%         2
 Confusing Touch          Hex            0%           97%         3
 Dazzling Flash           Conj/Hex       0%           97%         3
 Tukima's Dance           Hex            0%           97%         3


Dungeon Overview and Level Annotations

Branches:
Dungeon (10/15)            Temple (1/1) D:6            Lair (3/6) D:9
  Snake (0/4) Lair:3          Orc (0/2) D:9
  Swamp: Lair:2-4    Shoals: Lair:2-4

Altars:
Ashenzari
Cheibriados
Dithmenos
Elyvilon
Fedhas
Gozag
Hepliaklqana
Kikubaaqudgha
Makhleb
Nemelex Xobeh
Okawaru
Qazlal
Ru
Sif Muna
Trog
Uskayaw
Vehumet
Wu Jian
Xom
Yredelemnul
Zin
The Shining One

Annotations:
D:4 Menkaure
D:8 Maggie
Lair:1 exclusion: oklob plant


Message History

You hit the water moccasin.
The water moccasin is almost dead.
The water moccasin bites you.
* * * LOW HITPOINT WARNING * * *
You barely miss the water moccasin.
The water moccasin is almost dead.
You closely miss the water moccasin.
The water moccasin is almost dead.
* * * LOW HITPOINT WARNING * * *
You feel sick.
The water moccasin bites you but does no damage.
You puncture the water moccasin!
You kill the water moccasin!
The Council accepts your kill.
You hit the water moccasin.
The water moccasin is lightly wounded.
You puncture the water moccasin!
The water moccasin is heavily wounded.
The water moccasin bites you.
You die...

#.#.##P#P....##..####..
...........####.##
...........# ###
...........####
..).........#.###
............##.P#
..............(##
...............S##
..............##♣#
...........#######
........#### #.####..#
.. #### .


You could see a water moccasin.

Vanquished Creatures
  Harold (D:8)
  3 hydras (Lair:2)
  3 two-headed ogres
  A catoblepas (D:10)
  A wizard (D:9)
  A phantasmal warrior (D:9)
  An ugly thing (D:9)
  Maurice (D:9)
  Joseph (D:8)
  4 black mambas (Lair:3)
  2 cane toads (Lair:2)
  2 komodo dragons
  A polar bear (shapeshifter) (D:9)
  A slime creature (D:9)
  Sigmund (D:2)
  A shadow (D:9)
  A wraith (D:10)
  5 yaks (Lair:2)
  A wyvern (D:9)
  Edmund (D:6)
  5 water moccasins
  A black bear (D:7)
  5 ice beasts
  A necrophage (D:9)
  2 orc warriors (D:9)
  2 phantoms
  3 ogres
  6 centaurs
  3 wolves
  A big kobold (D:9)
  A wyvern zombie (D:9)
  7 bullfrogs
  2 gnoll sergeants
  A water moccasin zombie (D:10)
  3 scorpions
  3 howler monkeys
  A centaur zombie (D:10)
  9 hounds
  A quasit (D:9)
  8 orc priests
  2 bullfrog skeletons (D:9)
  2 bullfrog zombies
  4 orc wizards
  A centaur skeleton (D:4)
  2 iguanas (D:9)
  6 worker ants
  A killer bee zombie (D:10)
  3 hound skeletons
  2 worker ant zombies
  Robin (D:2)
  13 adders
  6 gnolls
  4 shadow imps
  An ufetubus (D:6)
  An ooze (D:3)
  2 adder skeletons (D:9)
  An adder zombie (D:5)
  6 leopard geckos
  28 orcs
  3 giant cockroaches
  16 goblins
  6 hobgoblins
  11 jackals
  4 quokkas
  A ball python (D:2)
  10 bats
  A frilled lizard (D:1)
  6 kobolds
  3 rats
245 creatures vanquished.

Vanquished Creatures (others)
  11 fungi (Lair:2)
  37 plants
48 creatures vanquished.

Grand Total: 293 creatures vanquished

Notes
Turn   | Place    | Note
-------+----------+-------------------------------------------
     0 | D:1      | voltaire321 the Merfolk Gladiator began the quest for the
                  | Orb.
     0 | D:1      | Reached XP level 1. HP: 16/16 MP: 1/1
   134 | D:1      | Reached XP level 2. HP: 22/23 MP: 2/2
   762 | D:1      | Reached XP level 3. HP: 28/28 MP: 3/3
   909 | D:2      | Noticed Robin
   928 | D:2      | Killed Robin
   944 | D:2      | Reached skill level 5 in Dodging
  1172 | D:2      | Reached skill level 5 in Polearms
  1172 | D:2      | Reached XP level 4. HP: 34/34 MP: 4/4
  1268 | D:2      | Noticed Sigmund
  1316 | D:2      | Killed Sigmund
  1317 | D:2      | Reached XP level 5. HP: 27/41 MP: 5/5
  1909 | D:3      | Found a faded altar of an unknown god.
  1941 | D:3      | Reached XP level 6. HP: 48/48 MP: 6/6
  2113 | D:3      | Reached skill level 6 in Polearms
  2113 | D:3      | Reached skill level 1 in Shields
  3095 | D:4      | Reached XP level 7. HP: 54/54 MP: 7/7
  3324 | D:4      | Noticed Menkaure
  4457 | D:5      | Entered Level 5 of the Dungeon
  5080 | D:5      | Reached skill level 7 in Polearms
  5080 | D:5      | Reached XP level 8. HP: 61/61 MP: 8/8
  5547 | D:5      | Reached skill level 5 in Fighting
  6298 | D:6      | Reached skill level 5 in Throwing
  6300 | D:6      | Found a burning altar of Makhleb.
  6378 | D:6      | Found a staircase to the Ecumenical Temple.
  6383 | Temple   | Entered the Ecumenical Temple
  6465 | Temple   | Became a worshipper of the Wu Jian Council
  6679 | D:6      | Noticed Edmund
  6709 | D:6      | Killed Edmund
  6710 | D:6      | Reached skill level 8 in Polearms
  6891 | D:6      | Reached XP level 9. HP: 38/69 MP: 9/9
  7319 | D:7      | Found a glowing golden altar of the Shining One.
  7866 | D:8      | Reached skill level 5 in Shields
  7980 | D:8      | Reached skill level 9 in Polearms
  8018 | D:8      | Noticed Harold
  8122 | D:8      | Killed Harold
  8378 | D:8      | Noticed Joseph
  8405 | D:8      | Killed Joseph
  8406 | D:8      | Reached XP level 10. HP: 29/79 MP: 10/10
  8631 | D:8      | Noticed a two-headed ogre
  8852 | D:8      | Noticed Maggie
  8975 | D:8      | Found a sparkling altar of Nemelex Xobeh.
  8984 | D:8      | Reached skill level 10 in Polearms
  9022 | D:8      | Killed a two-headed ogre
  9468 | D:9      | Found a staircase to the Orcish Mines.
  9515 | D:9      | Reached * piety under Wu Jian
  9526 | D:9      | Noticed Maurice
  9614 | D:9      | Killed Maurice
  9615 | D:9      | Reached skill level 10 in Dodging
  9755 | D:9      | Noticed a two-headed ogre
  9768 | D:9      | Killed a two-headed ogre
 10070 | D:9      | Reached skill level 11 in Polearms
 10447 | D:9      | Noticed a purple ugly thing
 10469 | D:9      | Killed a purple ugly thing
 10560 | D:9      | Reached XP level 11. HP: 87/87 MP: 11/11
 10647 | D:9      | Reached ** piety under Wu Jian
 10822 | D:9      | Noticed a wizard
 10855 | D:9      | Killed a wizard
 11125 | D:9      | Noticed a two-headed ogre
 11153 | D:9      | Killed a two-headed ogre
 11154 | D:9      | Reached skill level 12 in Polearms
 11457 | D:9      | Found a staircase to the Lair.
 11704 | D:9      | Found a sacrificial altar of Ru.
 11789 | D:10     | Entered Level 10 of the Dungeon
 11804 | D:10     | Noticed a catoblepas
 11834 | D:10     | Killed a catoblepas
 11928 | D:10     | Noticed a death knight
 11936 | D:10     | Noticed a skeletal warrior
 12200 | D:10     | Noticed a phantasmal warrior
 12204 | D:10     | Noticed a phantasmal warrior
 12210 | D:10     | Found the +6 arbalest "Damnation" {damnation}
 12705 | D:10     | Noticed a phantasmal warrior
 13081 | D:9      | Killed a phantasmal warrior
 13255 | Lair:1   | Entered Level 1 of the Lair of Beasts
 13550 | Lair:1   | Got a transparent halberd
 13551 | Lair:1   | Identified the +3 halberd of Dyrip {venom, rElec Str+6
                  | Dex+4} (You found it on level 1 of the Lair of Beasts)
 13710 | Lair:1   | Noticed an oklob plant
 13908 | Lair:2   | Noticed a six-headed hydra
 14284 | Lair:2   | Noticed an eight-headed hydra
 14297 | Lair:2   | Noticed a five-headed hydra
 14684 | Lair:2   | Killed an eight-headed hydra
 14685 | Lair:2   | Reached skill level 10 in Fighting
 14971 | Lair:2   | Reached skill level 13 in Polearms
 15189 | Lair:2   | Killed a six-headed hydra
 15190 | Lair:2   | Reached XP level 12. HP: 33/97 MP: 12/12
 15696 | Lair:2   | Killed a five-headed hydra
 15925 | Lair:3   | Found a staircase to the Snake Pit.
 15944 | Lair:3   | Reached *** piety under Wu Jian
 16003 | Lair:3   | HP: 5/147 [black mamba (7)]
 16011 | Lair:3   | HP: 1/147 [water moccasin (4)]
 16016 | Lair:3   | Slain by a water moccasin

Illustrated notes

Levels and vault maps discovered:
D:1:      scummos_arrival_forest, layout_basic, chequers_avenue, minivault_19
D:2:      layout_basic, uniq_robin, uniq_sigmund
D:3:      layout_basic, chequers_ecumenical_altar_simple_redux
D:4:      layout_loops_cross, st_stairs_8, uniq_menkaure
D:5:      layout_layer_cave
D:6:      layout_rooms, minmay_temple_entry_nine_rooms,
          makhleb_heckhound_becter, uniq_edmund
D:7:      layout_gridville, nicolae_tso_carved_into_rock
D:8:      layout_basic, serial_bayou_pond_d, dk_noncrumbling_4,
          nemelex_diamond_rough_becter, uniq_maggie, uniq_joseph, uniq_harold
D:9:      minmay_the_grid_3x3 [minmay_the_grid_minigrid_small,
          minmay_the_grid_spin_star, minmay_the_grid_large_cup,
          minmay_the_grid_eight, minmay_the_grid_paths,
          minmay_the_grid_zigzag_pyramid, minmay_the_grid_box_x,
          minmay_the_grid_empty, minmay_the_grid_prize_big_room], layout_basic,
          nicolae_ru_path_of_blood, uniq_maurice
D:10:     layout_long_grid, serial_rivers, chequers_serial_rivers_large_a,
          chequers_serial_rivers_micro_c, chequers_serial_rivers_micro_e,
          chequers_serial_rivers_micro_e, chequers_serial_rivers_micro_d,
          chequers_serial_rivers_large_b, enter_trove_1, kennysheep_kite_vault
Temple:   minmay_crystal_snake_temple
Lair:1:   layout_chaotic_city, minmay_lair_oklob_chamber, serial_bayou_shore_a
Lair:2:   layout_gridlike, lemuel_fruit_tree, grunt_megastairs_4,
          serial_bayou_shore_b
Lair:3:   layout_cave_pods, minmay_snake_entry_six_corridors

Skill      XL: |  1  2  3  4  5  6  7  8  9 10 11 |
---------------+----------------------------------+-----
Dodging        | 5 6 8 9 10 12 | 12.7
Polearms       | 5 6 7 8 9 11 13 | 13.5
Fighting       | 3 4 5 7 8 10 | 10.5
Throwing       | 3 4 5 6 |  6.5
Shields        | 1 3 4 6 7 9 |  9.5

Action                   |  1- 3 |  4- 6 |  7- 9 | 10-12 || total
-------------------------+-------+-------+-------+-------++-------
Melee: Trident           |   144 |   120 |   403 |   779 ||  1446
Throw: Dart              |       |     5 |    10 |    35 ||    50
       Javelin           |       |       |     4 |    15 ||    19
       Boomerang         |       |       |       |     6 ||     6
Invok: Lunge             |       |       |     5 |    21 ||    26
       Whirlwind         |       |       |       |   179 ||   179
Evoke: Wand              |       |       |       |     7 ||     7
  Use: Potion            |       |     6 |     2 |    11 ||    19
       Scroll            |       |     4 |    13 |    10 ||    27
 Stab: Sleeping          |     2 |     3 |     4 |     2 ||    11
       Distracted        |       |     1 |     1 |     2 ||     4
Armor: Leather armour    |    35 |     3 |       |       ||    38
       Robe              |       |     6 |    55 |    61 ||   122
       Skin              |       |       |       |    21 ||    21
Dodge: Dodged            |   122 |    56 |   231 |   299 ||   708
Block: Buckler           |       |    14 |    35 |       ||    49
       Kite shield       |       |       |   103 |   369 ||   472

Table legend: (Time is in decaauts)
 A = Elapsed time spent in this place.
 B = Non-inter-level travel time spent in this place.
 C = Inter-level travel time spent in this place.
 D = Time resting spent in this place.
 E = Time spent auto-exploring this place.
 F = Levels seen in this place.
 G = Mean time per level.
                   A        B        C        D        E       F      G
               +--------+--------+--------+--------+--------+-----+--------+
         Total |  15854 |  15348 |    506 |   5143 |   5901 |  14 | 1132.4 |
       Dungeon |  12889 |  12423 |    466 |   4264 |   4739 |  10 | 1288.9 |
        Temple |    255 |    215 |     40 |      0 |    173 |   1 |  255.0 |
          Lair |   2709 |   2709 |      0 |    879 |    989 |   3 |  903.0 |
               +--------+--------+--------+--------+--------+-----+--------+

Top non-repeatable levels by time:
     D:9: 2804 daAuts
     D:3: 1841 daAuts
  Lair:2: 1678 daAuts
     D:5: 1545 daAuts
     D:8: 1525 daAuts
  Lair:1: 914 daAuts
     D:4: 913 daAuts
     D:2: 910 daAuts
     D:6: 903 daAuts
    D:10: 897 daAuts
     D:1: 813 daAuts
     D:7: 733 daAuts
  Temple: 255 daAuts
  Lair:3: 116 daAuts
